 Dungeon Crawl Stone Soup version 0.21.1-1-g345015fe64 (webtiles) character file.

2402 Peloso the Carver (level 9, -1/81 HPs)
             Began as a Deep Dwarf Fighter on June 23, 2018.
             Was a Follower of Okawaru.
             Killed by divine providence
             ... invoked by an orc priest
             ... summoned by an orange crystal statue
              (11 damage)
             ... while paralysed
             ... on level 7 of the Dungeon.
             The game lasted 00:16:04 (5193 turns).

Peloso the Carver (Deep Dwarf Fighter)              Turns: 5193, Time: 00:16:04

Health: -1/81      AC: 13    Str: 22      XL:     9   Next: 23%
Magic:  0/8        EV:  2    Int:  0 (10) God:    Okawaru [*.....]
Gold:   331        SH:  0    Dex: 12      Spells: 8/8 levels left

rFire    . . .     SeeInvis .   a - +0 long sword
rCold    . . .     Gourm    +   c - +0 shield
rNeg     . . .     Faith    .   b - +0 plate armour
rPois    .         Spirit   .   C - -1 helmet (curse)
rElec    .         Reflect  .   (no cloak)
rCorr    .         Harm     .   (no gloves)
MR       +....     Rnd*Tele +   (no boots)
Stlth    ..........             y - amulet of the gourmand
HPRegen  0.00/turn              j - ring of teleportation (curse)
MPRegen  0.11/turn              s - +3 ring of slaying

@: paralysed, berserk cooldown, non-regenerating, hasted and slowed, lost
intelligence
A: damage resistance, heal wounds, sense surroundings 2, no regeneration
a: Heal Wounds, Heroism, Renounce Religion


You were on level 7 of the Dungeon.
You worshipped Okawaru.
Okawaru was aware of your devotion.
You were full.

You visited 2 branches of the dungeon, and saw 8 of its levels.

You collected 331 gold pieces.

Inventory:

Hand Weapons
 a - a +0 long sword (weapon)
Missiles
 g - 58 bolts
Armour
 b - a +0 plate armour (worn)
 c - a +0 shield (worn)
 C - a cursed -1 helmet (worn)
Jewellery
 j - a cursed ring of teleportation (left hand)
 l - an uncursed amulet of harm
 s - a +3 ring of slaying (right hand)
 y - an amulet of the gourmand (around neck)
 B - an uncursed ring of fire
Wands
 o - a wand of random effects (19)
Scrolls
 h - a scroll of identify
 m - 3 scrolls of fog {unknown}
 n - 3 scrolls of remove curse {unknown}
 q - 2 scrolls of enchant weapon {unknown}
 r - 2 scrolls of amnesia {unknown}
 w - a scroll of enchant armour {unknown}
 x - a scroll of blinking {unknown}
Potions
 d - a potion of might
 i - 2 potions of curing
 k - a potion of haste
 t - 2 potions of flight
 u - a potion of resistance
 v - 6 potions of brilliance
 z - a potion of cancellation
 D - a potion of mutation
 E - a potion of ambrosia
Comestibles
 f - 13 rations
 A - 3 chunks of flesh


   Skills:
 + Level 5.0 Fighting
 + Level 8.0 Long Blades
 + Level 6.1 Armour
 + Level 3.1 Dodging
 + Level 1.2 Stealth
 + Level 7.4 Shields
 + Level 0.1 Invocations
 + Level 0.6 Evocations


You had 8 spell levels left.
You didn't know any spells.

Dungeon Overview and Level Annotations

Branches:
Dungeon (7/15)             Temple (1/1) D:4

Altars:
Ashenzari
Cheibriados
Dithmenos
Elyvilon
Fedhas
Gozag
Hepliaklqana
Kikubaaqudgha
Makhleb
Nemelex Xobeh
Okawaru
Qazlal
Ru
Sif Muna
Trog
Vehumet
Wu Jian
Xom
Yredelemnul
Zin
The Shining One

Annotations:
D:7 1 runed door, exclusion: 4 orange crystal statues


Innate Abilities, Weirdness & Mutations

You are resistant to damage.
You can heal yourself by infusing magical energy.
You passively map the area around you.
You do not regenerate.


Message History

The orange crystal statue fixes its piercing gaze on you.
The orc hits you but does no damage.
The scorpion stings you but does no damage.
You hear a shout! x3
Unknown command.
You're too confused!
Unknown command.
You feel better. The orc wizard casts a spell at you.
The puff of flame hits you! You block the orc's attack.
The orange crystal statue fixes its piercing gaze on you.
You feel dopey.
You have lost your intelligence.
Something feeds on your intellect!
The orange crystal statue fixes its piercing gaze on you.
You feel your power leaking away.
The scorpion stings you but does no damage.
The orc hits you but does no damage.
The orc priest calls down the wrath of Beogh upon you.
Beogh smites you!
You die...

* , , ,
#########.*
** *
*,#8.....8#,
, ,
#.#...#.# *
* * **,
#.......#
..ohh..+ #


hScsh.# ,#o#ooo#.#,* ,#8o@soZ8# #########, , ... , *#### ** You could see 4
orange crystal statues, a centaur, a scorpion, 3 howler monkeys, a hound, an orc
priest, an orc wizard, an adder, 5 orcs, a giant cockroach and an adder
skeleton.

Vanquished Creatures
  A hippogriff (D:7)
  The ghost of faabio the Slasher, an amateur MiMo (D:3)
  Edmund (D:4)
  Duvessa (D:4)
  A sky beast (D:5)
  2 phantoms
  An ogre (D:4)
  3 centaurs
  3 bullfrogs
  Dowan (D:4)
  2 scorpions
  2 vampire bats (D:3)
  A crimson imp (D:4)
  A quasit (D:7)
  3 hounds
  2 orc priests (D:4)
  2 orc wizards (D:4)
  A bullfrog skeleton (D:6)
  A centaur skeleton (D:5)
  Jessica (D:3)
  2 iguanas
  Terence (D:2)
  2 worker ants
  Natasha (thrice) (D:4)
  A killer bee zombie (D:7)
  A hound skeleton (D:6)
  3 gnolls
  11 adders
  An adder skeleton (D:4)
  2 worms
  5 leopard geckos
  8 orcs
  2 ball pythons
  3 giant cockroaches
  10 goblins
  12 hobgoblins
  16 jackals
  7 kobolds
  4 quokkas
  16 bats
  7 frilled lizards
  5 rats
153 creatures vanquished.

Vanquished Creatures (others)
  An orc wizard (D:4)
1 creature vanquished.

Grand Total: 154 creatures vanquished

Notes
Turn   | Place    | Note
-------+----------+-------------------------------------------
     0 | D:1      | Peloso the Deep Dwarf Fighter began the quest for the Orb.
     0 | D:1      | Reached XP level 1. HP: 20/20 MP: 1/1
    73 | D:1      | Reached XP level 2. HP: 20/27 MP: 2/2
   348 | D:1      | Reached XP level 3. HP: 13/33 MP: 3/3
  1028 | D:2      | Found a blossoming altar of Fedhas.
  1034 | D:2      | Noticed Terence
  1048 | D:2      | Killed Terence
  1048 | D:2      | Reached XP level 4. HP: 30/40 MP: 4/4
  1139 | D:2      | Reached skill level 3 in Long Blades
  1237 | D:2      | Found a sparkling altar of Nemelex Xobeh.
  1396 | D:3      | Reached skill level 1 in Dodging
  1404 | D:3      | Noticed Jessica
  1414 | D:3      | Noticed faabio's ghost (amateur MiMo)
  1418 | D:3      | Killed Jessica
  1418 | D:3      | Reached XP level 5. HP: 34/48 MP: 5/5
  1426 | D:3      | HP: 2/48 [faabio's ghost (3)]
  1436 | D:3      | Killed faabio's ghost
  1436 | D:3      | Reached skill level 4 in Long Blades
  1436 | D:3      | Reached skill level 5 in Shields
  1436 | D:3      | Reached XP level 6. HP: 5/56 MP: 6/6
  1446 | D:3      | Found a white marble altar of Elyvilon.
  2456 | D:4      | Reached XP level 7. HP: 41/62 MP: 6/6
  2542 | D:4      | Reached skill level 5 in Long Blades
  2675 | D:4      | Found a staircase to the Ecumenical Temple.
  2890 | D:4      | Noticed Edmund
  2899 | D:4      | Killed Edmund
  2924 | D:4      | Found a shattered altar of Ashenzari.
  2982 | D:4      | Noticed Dowan
  2983 | D:4      | Noticed Duvessa
  2992 | D:4      | Reached skill level 5 in Armour
  2997 | D:4      | Killed Duvessa
  2997 | D:4      | Reached skill level 6 in Long Blades
  2997 | D:4      | Reached XP level 8. HP: 7/72 MP: 7/7
  3001 | D:4      | Killed Dowan
  3236 | D:4      | Noticed Natasha
  3238 | D:4      | HP: 3/72 [Natasha (4)]
  3240 | D:4      | Killed Natasha
  3422 | D:4      | Noticed Natasha
  3427 | D:4      | Killed Natasha
  3520 | D:4      | Noticed Natasha
  3529 | D:4      | Killed Natasha
  3576 | Temple   | Entered the Ecumenical Temple
  3615 | Temple   | Became a worshipper of Warmaster Okawaru
  3680 | D:5      | Entered Level 5 of the Dungeon
  3689 | D:4      | Reached skill level 1 in Stealth
  3841 | D:5      | Reached skill level 7 in Long Blades
  3961 | D:5      | Found a glowing silver altar of Zin.
  4139 | D:6      | Reached * piety under Okawaru
  4387 | D:6      | Gained mutation: You passively map the area around you. [Deep Dwarf growth]
  4387 | D:6      | Reached XP level 9. HP: 18/79 MP: 8/8
  5151 | D:7      | Reached skill level 5 in Fighting
  5151 | D:7      | Reached skill level 8 in Long Blades
  5158 | D:7      | Found a runed door.
  5159 | D:7      | Found the +10 large shield of Ignorance {rN+ Int-4}
  5159 | D:7      | Noticed an orange crystal statue
  5159 | D:7      | Noticed an orange crystal statue
  5159 | D:7      | Noticed an orange crystal statue
  5159 | D:7      | Noticed an orange crystal statue
  5187 | D:7      | HP: 1/81 [centaur/arrow[an orange crystal statue] (7)]
  5192 | D:7      | Lost intelligence.
  5193 | D:7      | Killed from afar by an orc priest

Skill      XL: |  1  2  3  4  5  6  7  8  9 |
---------------+----------------------------+-----
Shields        | 4 5 6 7 |  7.4
Long Blades    | 3 4 6 7 8 |  8.0
Dodging        | 1 2 3 |  3.1
Fighting       | 3 4 5 |  5.0
Armour         | 4 5 6 |  6.1
Stealth        | 1 |  1.2
Invocations    | |  0.1
Evocations     | |  0.6

Action                   |  1- 3 |  4- 6 |  7- 9 || total
-------------------------+-------+-------+-------++-------
Melee: Long sword        |   142 |   166 |   290 ||   598
Invok: Heroism           |       |       |     2 ||     2
 Abil: Heal Wounds       |     1 |     2 |     5 ||     8
Evoke: Wand              |       |       |     3 ||     3
  Use: Potion            |       |     2 |     7 ||     9
       Scroll            |       |     5 |     5 ||    10
  Eat: Chunk             |       |     5 |    19 ||    24
Armor: Scale mail        |    74 |    86 |    26 ||   186
       Plate armour      |       |       |   136 ||   136
Dodge: Dodged            |    53 |    55 |    71 ||   179
Block: Shield            |   105 |   125 |   167 ||   397
       Rpst.: Long sword |    23 |    16 |    23 ||    62
